Map: Odyssey LE

Players

ZhuGeLiang - Winner!

  • Race: Zerg Zerg
  • Spawn Location: 5:00

BackupA

  • Race: Zerg Zerg
  • Spawn Location: 11:00

Event: WCS Valencia 2017

VOD

Have the link to the VOD?

Description

Time

  • Played on: July 13, 2017, 7:53 a.m.
  • Length: 4:02

All games in this series

Show
View Real Time Build Order
Export as new Build Order

ZhuGeLiang Zerg - Winner!

Build Orders: Pool Only 

Get SALT Encoding   

  12  0:01  Drone  
  13  0:14  Extractor  
  12  0:24  Spawning Pool  
  11  0:29  Drone  
  11  0:33  Drone  
  13  0:37  Drone  
  14  0:50  Overlord  
  14  1:10  Queen  
  16  1:11  Zergling x2  
  16  1:16  Metabolic Boost  
  17  1:22  Zergling x2  
  18  1:27  Zergling x2  
  18  1:32  Zergling x2  
  20  1:37  Zergling x2  
  21  1:45  Baneling Nest  
  20  1:49  Zergling x2  
  21  1:55  Zergling x2  
  22  2:06  Overlord  
  22  2:13  Extractor  
  21  2:17  Zergling x2  
  23  2:29  Baneling x2  
  23  2:30  Zergling x6  
  23  2:36  Baneling  
  23  2:37  Baneling  
  26  2:47  Zergling x2  
  26  2:50  Zergling x2  
  26  2:51  Zergling x4  
  23  3:13  Zergling x2  
  23  3:14  Zergling x2  
  25  3:20  Zergling x2  
  25  3:24  Baneling  
  25  3:25  Baneling  
  25  3:26  Zergling x6  
  28  3:31  Zergling x2  
  28  3:33  Baneling  
  29  3:45  Zergling x2  
Show
View Real Time Build Order
Export as new Build Order

BackupA Zerg 

Build Orders: Pool First 

Get SALT Encoding   

  12  0:01  Drone  
  13  0:12  Overlord  
  13  0:17  Drone  
  14  0:31  Drone x2  
  16  0:36  Extractor  
  16  0:37  Drone  
  16  0:47  Spawning Pool  
  15  0:51  Drone  
  16  0:58  Drone  
  17  1:18  Hatchery  
  17  1:22  Drone  
  17  1:34  Zergling x4  
  17  1:39  Metabolic Boost  
  19  1:49  Queen  
  21  1:55  Overlord  
  21  1:59  Zergling x2  
  22  2:07  Baneling Nest  
  21  2:09  Zergling x2  
  21  2:14  Drone  
  23  2:27  Queen  
  25  2:30  Zergling x2  
  25  2:36  Zergling x4  
  28  2:47  Zergling x4  
  27  2:53  Zergling x2  
  27  2:56  Zergling x2  
  27  2:58  Zergling x2  
  16  3:19  Drone  
  16  3:24  Zergling x2  
  17  3:30  Zergling x2  
  17  3:45  Zergling x2  
Tags
 
Add a new tag
Caveats
  • Supply blocks, unpowered buildings, or Contaminate may cause inaccurate times.
  • Supply counts are checked every 10 seconds.